[Event "Titled Tuesday Blitz August 15 Late 2023"]
[White "Schekachikhin, Maksim"]
[Black "Matinian, Nikita"]
[WhiteFideId "24177830"]
[BlackFideId "24129100"]
[WhiteElo "2605"]
[BlackElo "2726"]
[Result "1-0"]
[Round "10"]
[TimeControl "180+1"]
[Date "2023.08.15"]
[WhiteClock "0:00:31"]
[BlackClock "0:00:00"]
[Board "16"]

1. g3 g6 2. Bg2 Bg7 3. e4 e5 4. Nf3 Nc6 5. O-O d6 6. Re1 h5 7. d4 exd4 8. c3 Bg4 9. h3 Bxf3 10. Qxf3 Nge7 11. Bg5 O-O 12. Qd3 Ne5 13. Qd2 f6 14. cxd4 fxg5 15. dxe5 Bxe5 16. Nc3 Nc6 17. Nd5 Ne7 18. f4 gxf4 19. gxf4 Bg7 20. Rad1 Nxd5 21. Qxd5+ Kh7 22. Rf1 c6 23. Qxd6 Qb6+ 24. Kh2 Qxb2 25. Rb1 Qc3 26. Rxb7 Rad8 27. Qe7 Rd2 28. Qxf8 h4 29. Rxg7+ Qxg7 30. Qxg7+ Kxg7 31. e5 Rxa2 32. Rc1 a5 33. Rxc6 a4 34. Ra6 a3 35. Kg1 Ra1+ 36. Kf2 Ra2+ 37. Kf3 Ra1 38. Ra7+ Kh6 39. e6 a2 40. e7 Re1 41. Rxa2 Rxe7 42. Ra6 Kh5 43. Kf2 Rf7 44. Bf3+ Kh6 45. Ke3 Re7+ 46. Be4 Kh5 47. Kf3 Rg7 48. Re6 g5 49. Re5 Kh6 50. f5 Kh5 51. f6 Rf7 52. Rf5 Kg6 53. Kg4 Rxf6 54. Rxg5+ Kh6 55. Rh5+ Kg7 56. Bf5 Rh6 57. Rg5+ Kh8 58. Bg6 Kg7 59. Bh5+ Kf6 60. Kxh4 Ke7 61. Rf5 1-0


[Site "https://www.chess.com"]

[Event "Titled Tuesday Blitz August 15 Late 2023"]
[White "Rastbod, Ali"]
[Black "Naroditsky, Daniel"]
[WhiteFideId "12567477"]
[BlackFideId "2026961"]
[WhiteElo "2688"]
[BlackElo "3136"]
[Result "0-1"]
[Round "10"]
[TimeControl "180+1"]
[Date "2023.08.15"]
[WhiteClock "0:00:00"]
[BlackClock "0:02:23"]
[Board "17"]

1. d4 Nf6 2. c4 g6 3. Nc3 Bg7 4. e4 d6 5. Be2 O-O 6. Be3 Nc6 7. d5 Ne5 8. f4 Neg4 9. Bd2 Nh6 10. h3 e6 11. dxe6 fxe6 12. g4 Nf7 13. Nf3 b5 14. cxb5 Bb7 15. Bd3 Nd7 16. Qe2 Nc5 17. Bc2 a6 18. O-O axb5 19. b4 Na4 20. Nxa4 bxa4 21. Rad1 d5 22. e5 Qd7 23. Nd4 Rae8 24. g5 Ra8 25. Bd3 Qe7 26. a3 Nd8 27. Rc1 Rc8 28. Ba6 c5 29. bxc5 Nc6 30. Nxc6 Rxc6 31. Bb5 Rcc8 32. c6 Ba8 33. Bb4 Qa7+ 34. Bc5 Qa5 35. Bxf8 Bxf8 36. Rf3 Qb6+ 37. Kh2 Bxc6 38. Bxc6 Rxc6 39. Rxc6 Qxc6 40. h4 Qc1 41. h5 Bc5 42. Qg2 Be3 43. Qg4 Kf7 44. hxg6+ hxg6 45. Kh3 d4 46. Qg2 d3 47. Rxe3 Qxe3+ 48. Kg4 Qe2+ 49. Kg3 Qxg2+ 0-1


[Site "https://www.chess.com"]

[Event "Titled Tuesday Blitz August 15 Late 2023"]
[White "Cordova, Emilio"]
[Black "Volovich, Vasily"]
[WhiteFideId "3801497"]
[BlackFideId "34169676"]
[WhiteElo "2861"]
[BlackElo "2706"]
[Result "1/2-1/2"]
[Round "10"]
[TimeControl "180+1"]
[Date "2023.08.15"]
[WhiteClock "0:00:02"]
[BlackClock "0:00:05"]
[Board "18"]

1. d4 Nf6 2. Bg5 Ne4 3. Bf4 d5 4. e3 c5 5. Bd3 e6 6. Bxe4 dxe4 7. Nc3 cxd4 8. exd4 Bb4 9. Ne2 Nc6 10. O-O Bxc3 11. Nxc3 Qxd4 12. Nb5 Qxd1 13. Nc7+ Ke7 14. Raxd1 Rb8 15. Bd6+ Kf6 16. Nb5 Ra8 17. Nc3 b6 18. Nxe4+ Kg6 19. Rd3 f6 20. Rfd1 Rd8 21. Bc7 Rxd3 22. Rxd3 e5 23. Nd6 Be6 24. c3 h6 25. a3 Kh7 26. h4 Na5 27. b4 Nc4 28. Nxc4 Bxc4 29. Rd7 b5 30. f4 exf4 31. Bxf4 a5 32. Be3 axb4 33. axb4 Ra2 34. Bd4 Kg6 35. g4 h5 36. gxh5+ Kxh5 37. Rxg7 Kxh4 38. Bxf6+ Kh3 39. Be5 Re2 40. Bd4 Bd5 41. Rc7 Rg2+ 42. Kf1 Bc4+ 43. Ke1 Kg4 44. Re7 Kf3 45. Kd1 Re2 46. Rxe2 Bxe2+ 47. Kd2 Bc4 1/2-1/2


[Site "https://www.chess.com"]

[Event "Titled Tuesday Blitz August 15 Late 2023"]
[White "Korchmar, Vasiliy"]
[Black "Zierk, Steven"]
[WhiteFideId "24131750"]
[BlackFideId "2034255"]
[WhiteElo "2685"]
[BlackElo "2859"]
[Result "0-1"]
[Round "10"]
[TimeControl "180+1"]
[Date "2023.08.15"]
[WhiteClock "0:00:34"]
[BlackClock "0:00:44"]
[Board "19"]

1. e4 e6 2. d4 d5 3. e5 c5 4. c3 Nc6 5. Nf3 Qb6 6. Be2 Bd7 7. O-O Nge7 8. Na3 cxd4 9. cxd4 Nf5 10. Nc2 Na5 11. Bd3 Bb5 12. g4 Ne7 13. Kg2 Rc8 14. Bg5 h6 15. Be3 h5 16. h3 Bxd3 17. Qxd3 Qxb2 18. Rfc1 Rc3 19. Qe2 Nc4 20. Rab1 Qxa2 21. Rxb7 Nc6 22. Rc7 Be7 23. Rxc6 Nxe3+ 24. fxe3 Rxc6 25. Qb5 Qc4 26. Qb7 Qe2+ 27. Kg3 h4+ 28. Kf4 g5+ 29. Nxg5 Qf2+ 30. Nf3 Qg3# 0-1


[Site "https://www.chess.com"]

[Event "Titled Tuesday Blitz August 15 Late 2023"]
[White "Hambleton, Aman"]
[Black "Hoang, Thi Bao Tram"]
[WhiteFideId "2606577"]
[BlackFideId "12401102"]
[WhiteElo "2790"]
[BlackElo "2684"]
[Result "0-1"]
[Round "10"]
[TimeControl "180+1"]
[Date "2023.08.15"]
[WhiteClock "0:00:01"]
[BlackClock "0:00:14"]
[Board "20"]

1. d4 d5 2. Bf4 e6 3. e3 Bd6 4. Nd2 Nf6 5. Ngf3 c5 6. c3 O-O 7. Bd3 Qc7 8. Bxd6 Qxd6 9. Ne5 Nc6 10. f4 Ne8 11. O-O f5 12. g4 Nf6 13. gxf5 exf5 14. Kh1 c4 15. Bc2 Ne4 16. Ndf3 Nxe5 17. Nxe5 Qh6 18. Bxe4 fxe4 19. Rg1 Bf5 20. b3 b5 21. bxc4 dxc4 22. a4 a6 23. Qb1 Qb6 24. Qb4 g6 25. Nxc4 Qc7 26. axb5 axb5 27. Ne5 Rac8 28. Rgc1 Rb8 29. c4 bxc4 30. Qxc4+ Qxc4 31. Rxc4 Rb3 32. Ra7 Rfb8 33. Rcc7 Rb1+ 34. Kg2 R8b2+ 35. Kg3 Rg1+ 36. Kh4 Rxh2# 0-1


[Site "https://www.chess.com"]

[Event "Titled Tuesday Blitz August 15 Late 2023"]
[White "Bjelobrk, Igor"]
[Black "Ghazarian, Kirk"]
[WhiteFideId "4300726"]
[BlackFideId "30908604"]
[WhiteElo "2682"]
[BlackElo "2758"]
[Result "1-0"]
[Round "10"]
[TimeControl "180+1"]
[Date "2023.08.15"]
[WhiteClock "0:01:25"]
[BlackClock "0:00:51"]
[Board "21"]

1. d4 d5 2. c4 e6 3. Nf3 a6 4. g3 dxc4 5. Bg2 c5 6. O-O cxd4 7. Ne5 Nf6 8. Na3 Bxa3 9. bxa3 c3 10. Rb1 O-O 11. Rb4 Nbd7 12. Qxd4 Nxe5 13. Qxe5 c2 14. Bb2 Bd7 15. Rg4 h6 16. Qxf6 Qxf6 17. Bxf6 g5 18. Rc1 Rac8 19. Bxb7 Rc7 20. Bxa6 Rb8 21. Rb4 Rxb4 22. axb4 Ba4 23. Kf1 Rd7 24. Bd3 Rc7 25. Ke1 1-0


[Site "https://www.chess.com"]

[Event "Titled Tuesday Blitz August 15 Late 2023"]
[White "Haydon, David L"]
[Black "Veiga, Jose Francisco R P Neves"]
[WhiteFideId "415405"]
[BlackFideId "1930087"]
[WhiteElo "2748"]
[BlackElo "2670"]
[Result "0-1"]
[Round "10"]
[TimeControl "180+1"]
[Date "2023.08.15"]
[WhiteClock "0:00:13"]
[BlackClock "0:00:30"]
[Board "22"]

1. d4 Nf6 2. c4 e6 3. Nf3 d5 4. g3 Bb4+ 5. Bd2 a5 6. a3 Be7 7. Qc2 O-O 8. Bg2 c6 9. O-O b6 10. Ne5 Ba6 11. Nc3 Nfd7 12. Nxd7 Qxd7 13. Na4 Qb7 14. b3 Nd7 15. Rfc1 Rfc8 16. e4 b5 17. Nb2 bxc4 18. bxc4 Rab8 19. Rcb1 Qb3 20. Qxb3 Rxb3 21. cxd5 cxd5 22. exd5 exd5 23. Bxd5 Rxa3 24. Bxa5 Rxa1 25. Rxa1 Bf6 26. Rd1 Be2 27. Rd2 Rc1+ 28. Kg2 Bf1+ 29. Kf3 h5 30. h4 g6 31. Nd3 Ra1 32. Bb4 Bxd4 33. Nf4 Ne5+ 34. Ke4 Bb2 35. Rxb2 Ng4 36. Nxg6 Nf6+ 37. Ke5 Nxd5 38. Kxd5 fxg6 39. Bc3 Ra4 40. Bd4 Ra5+ 41. Ke4 Bg2+ 42. Ke3 Rf5 43. f4 Bc6 44. Rb6 Be8 45. Be5 Kh7 46. Rb7+ Rf7 47. Rb8 Re7 48. Kd4 Kg8 49. Kc5 Kf7 50. Kd6 Re6+ 51. Kd5 Bc6+ 52. Kc5 Be8 53. Rb7+ Re7 54. Rb6 Re6 55. Rb8 Re7 56. Kd4 Re6 57. Ke3 Re7 58. Rb4 Re6 59. Rd4 Bc6 60. Rd8 Be8 61. Rc8 Rc6 62. Rb8 Re6 63. Rb7+ Re7 64. Rb4 Re6 65. Ke4 Bc6+ 66. Kd4 Be8 67. Rb6 Rxb6 68. Kc5 Rc6+ 69. Kd5 Ra6 70. Ke4 Bc6+ 71. Kd4 Ke6 72. Kc5 Bf3 73. Bf6 Kxf6 0-1


[Site "https://www.chess.com"]

[Event "Titled Tuesday Blitz August 15 Late 2023"]
[White "Mikhailov, Viacheslav"]
[Black "Soderstrom, Adrian"]
[WhiteFideId "4187369"]
[BlackFideId "1745786"]
[WhiteElo "2736"]
[BlackElo "2621"]
[Result "1-0"]
[Round "10"]
[TimeControl "180+1"]
[Date "2023.08.15"]
[WhiteClock "0:00:20"]
[BlackClock "0:00:36"]
[Board "23"]

1. Nf3 g5 2. Nxg5 e5 3. Ne4 d5 4. Ng3 h5 5. e4 h4 6. Nf5 dxe4 7. Ne3 f5 8. Be2 Nf6 9. d3 h3 10. dxe4 Qxd1+ 11. Bxd1 hxg2 12. Nxg2 Nxe4 13. Nd2 Nc6 14. Nxe4 fxe4 15. h4 Nd4 16. Bg5 Be7 17. Bxe7 Kxe7 18. c3 Nf3+ 19. Bxf3 exf3 20. Ne3 Be6 21. O-O-O Rh5 22. Rdg1 Rah8 23. Rg7+ Bf7 24. Re1 Kf6 25. Rg3 Be6 26. Rxf3+ Ke7 27. Rg3 Rxh4 28. Rg7+ Bf7 29. Nf5+ Kf6 30. Rxf7+ Kxf7 31. Nxh4 Rxh4 32. Rxe5 Rh2 33. Rf5+ Ke6 34. Rf3 a5 35. Kc2 a4 36. Kd3 Rh1 37. Re3+ Kd6 38. Re2 b5 39. Kc2 Rf1 40. a3 c5 41. Kd3 Rd1+ 42. Ke4 Ke6 43. f4 Rf1 44. Rh2 Re1+ 45. Kf3 Kd5 46. Rd2+ Kc4 47. f5 Re5 48. Kf4 Re1 49. f6 Rf1+ 50. Ke5 Kb3 51. Ke6 b4 52. cxb4 cxb4 53. axb4 Kxb4 54. Rd4+ Kb3 55. f7 Re1+ 56. Kf5 Rf1+ 57. Rf4 Rxf4+ 58. Kxf4 Kxb2 59. f8=Q a3 60. Qb4+ 1-0


[Site "https://www.chess.com"]

[Event "Titled Tuesday Blitz August 15 Late 2023"]
[White "Manukyan, Sargis A."]
[Black "Djordjevic, Vuk"]
[WhiteFideId "13303970"]
[BlackFideId "902098"]
[WhiteElo "2610"]
[BlackElo "2713"]
[Result "1-0"]
[Round "10"]
[TimeControl "180+1"]
[Date "2023.08.15"]
[WhiteClock "0:00:20"]
[BlackClock "0:00:01"]
[Board "24"]

1. d4 Nf6 2. c4 e6 3. Nc3 Bb4 4. e3 O-O 5. a3 Bxc3+ 6. bxc3 c5 7. Bd3 d5 8. cxd5 Qxd5 9. f3 e5 10. e4 Qd6 11. d5 Rd8 12. c4 Nc6 13. Ne2 Nd4 14. O-O b6 15. a4 Ba6 16. Nc3 Qe7 17. Nb5 Ne8 18. Ba3 Bxb5 19. axb5 Nd6 20. Bb2 Qc7 21. Ra6 Rab8 22. Qa4 Nc8 23. Bc3 Rb7 24. Qa2 Qe7 25. g3 Qg5 26. Bd2 Qh5 27. Kg2 Rc7 28. Be3 Rf8 29. Qf2 Nd6 30. f4 exf4 31. gxf4 Re8 32. e5 N6f5 33. Bxd4 Nxd4 34. Qg3 f6 35. e6 Rce7 36. f5 Rd8 37. d6 Rb7 38. Ra2 Kh8 39. d7 Rc7 1-0


[Site "https://www.chess.com"]

[Event "Titled Tuesday Blitz August 15 Late 2023"]
[White "Hristodoulou, Panagiotis"]
[Black "Hua, Lefong"]
[WhiteFideId "4214340"]
[BlackFideId "2602253"]
[WhiteElo "2521"]
[BlackElo "2713"]
[Result "0-1"]
[Round "10"]
[TimeControl "180+1"]
[Date "2023.08.15"]
[WhiteClock "0:00:05"]
[BlackClock "0:00:14"]
[Board "25"]

1. d4 Nf6 2. Nc3 d5 3. Bf4 g6 4. e3 Bg7 5. Nf3 O-O 6. h3 c5 7. Nb5 Na6 8. c3 b6 9. a4 Bb7 10. Be2 Ne4 11. O-O Nd6 12. Be5 Nc7 13. Bxg7 Kxg7 14. Nxc7 Qxc7 15. b4 Ne4 16. Qb3 c4 17. Qc2 Bc8 18. Nd2 Bf5 19. Nxe4 Bxe4 20. Qd1 Bf5 21. Bf3 Rad8 22. Re1 Be4 23. a5 b5 24. a6 Bxf3 25. Qxf3 f5 26. Qf4 e5 27. Qxe5+ Qxe5 28. dxe5 Kf7 29. f4 Ke6 30. Kf2 Rb8 31. g4 Rb6 32. Rg1 Rc8 33. gxf5+ Kxf5 34. Rg5+ Ke6 35. h4 Rcc6 36. h5 Kf7 37. hxg6+ hxg6 38. Ra5 Rxa6 39. Rxb5 Ra2+ 40. Kf3 Rc2 41. Rb7+ Kg8 42. f5 Rxc3 43. Kf4 Rc1 44. Rxg6+ Rxg6 45. fxg6 c3 46. Rc7 c2 47. Kf5 Rf1+ 48. Ke6 c1=Q 49. Rxc1 Rxc1 50. Ke7 Rb1 51. e6 Rxb4 52. Kd8 Rb7 53. e7 Rxe7 54. Kxe7 a5 55. Kd6 a4 56. Kxd5 a3 0-1


[Site "https://www.chess.com"]

[Event "Titled Tuesday Blitz August 15 Late 2023"]
[White "Krishnan, Varun"]
[Black "Lysyj, Igor"]
[WhiteFideId "5054508"]
[BlackFideId "4150120"]
[WhiteElo "2600"]
[BlackElo "2856"]
[Result "1-0"]
[Round "10"]
[TimeControl "180+1"]
[Date "2023.08.15"]
[WhiteClock "0:00:09"]
[BlackClock "0:00:02"]
[Board "26"]

1. d4 d5 2. c4 e6 3. Nc3 c5 4. cxd5 exd5 5. Nf3 Nc6 6. g3 Nf6 7. Bg2 cxd4 8. Nxd4 Bc5 9. Nxc6 bxc6 10. O-O O-O 11. e4 Ba6 12. Re1 Qb6 13. Be3 Bxe3 14. Rxe3 d4 15. Na4 Qa5 16. Ra3 Rfd8 17. Rc1 Qe5 18. Nc5 Bb5 19. Rb3 Nd7 20. f4 Qe7 21. Nb7 Nb6 22. Nxd8 Rxd8 23. Qd2 Nc4 24. Qb4 Qe6 25. f5 a5 26. fxe6 axb4 27. exf7+ Kxf7 28. Rxb4 Ne3 29. a4 Be2 30. Kf2 Bh5 31. Bf3 Bg6 32. Rxc6 Ke7 33. Rb7+ Rd7 34. Rcc7 Rxc7 35. Rxc7+ Kd6 36. Rxg7 Nc4 37. b4 Ne5 38. a5 Nc6 39. a6 1-0


[Site "https://www.chess.com"]

[Event "Titled Tuesday Blitz August 15 Late 2023"]
[White "Mekhitarian, Krikor Sevag"]
[Black "Yurtseven, Melih"]
[WhiteFideId "2107660"]
[BlackFideId "6312160"]
[WhiteElo "2794"]
[BlackElo "2557"]
[Result "1-0"]
[Round "10"]
[TimeControl "180+1"]
[Date "2023.08.15"]
[WhiteClock "0:00:20"]
[BlackClock "0:00:48"]
[Board "27"]

1. Nf3 d5 2. c4 d4 3. b4 g5 4. h3 Bg7 5. d3 h6 6. g3 e5 7. Bg2 a5 8. b5 c5 9. bxc6 Nxc6 10. O-O Nge7 11. Na3 O-O 12. Rb1 Nb4 13. Qb3 Nec6 14. Nb5 Be6 15. a3 Na6 16. Nd2 Nc5 17. Qc2 a4 18. Ne4 Nxe4 19. Bxe4 Bxh3 20. Bd2 f5 21. Bd5+ Kh8 22. Kh2 Bxf1 23. Rxf1 g4 24. Rh1 Kh7 25. Kg2 Qf6 26. Nc7 Rac8 27. Ne6 Rh8 28. Ng5+ Kg6 29. Bf7+ Qxf7 30. Nxf7 Kxf7 31. Qxa4 Ra8 32. Qb5 Ra7 33. a4 Kg6 34. a5 Rha8 35. Qd5 Re8 36. Bxh6 Rh8 37. Qe6+ Bf6 38. Bg7 Rxh1 39. Qxf6+ Kh7 40. Kxh1 Rxa5 41. Bf8 1-0


[Site "https://www.chess.com"]

[Event "Titled Tuesday Blitz August 15 Late 2023"]
[White "Postlmayer, Jakob"]
[Black "Rustemov, Alexander"]
[WhiteFideId "1643622"]
[BlackFideId "4119002"]
[WhiteElo "2552"]
[BlackElo "2756"]
[Result "0-1"]
[Round "10"]
[TimeControl "180+1"]
[Date "2023.08.15"]
[WhiteClock "0:00:05"]
[BlackClock "0:00:11"]
[Board "28"]

1. d4 g6 2. c4 Bg7 3. Nc3 c5 4. d5 Bxc3+ 5. bxc3 f5 6. e4 fxe4 7. f3 e5 8. dxe6 Qa5 9. fxe4 Nf6 10. Qc2 dxe6 11. Nf3 Nc6 12. Bd3 e5 13. Bh6 Ng4 14. Bd2 O-O 15. O-O Kg7 16. Be2 Qc7 17. h3 Nf6 18. Be3 b6 19. Rad1 Be6 20. Bf2 Nh5 21. Ng5 Bg8 22. Bxh5 gxh5 23. Rd5 Rf6 24. Rfd1 Rd8 25. Rxd8 Nxd8 26. Qd3 Nf7 27. Bh4 Rd6 28. Qe2 Rxd1+ 29. Qxd1 Nxg5 30. Bxg5 Kg6 31. Be3 Bxc4 32. a3 Qe7 33. Qf3 Qf6 34. Qg3+ Kf7 35. Bg5 Qd6 36. Kh2 Ke8 37. Qf3 Bf7 38. Bh4 Qe6 39. Bg3 Kd7 40. Qd1+ Kc7 41. Qf1 Bg6 42. Qf3 Kb7 43. Qe3 Qc6 44. Qg5 Bxe4 45. Bxe5 Qg6 46. Qd2 Bc6 47. Bg3 Qe4 48. h4 Ka6 49. Qf2 Ka5 50. Qd2 Ka4 51. Qb2 a5 52. Qa2 c4 53. Qb2 b5 54. Qa2 Qxg2+ 55. Qxg2 Bxg2 56. Kxg2 Kxa3 57. Bc7 a4 58. Bd6+ Kb3 59. Kf3 Kxc3 60. Kf4 b4 61. Kg5 Kb3 62. Kxh5 c3 63. Kh6 a3 64. Kxh7 a2 65. h5 a1=Q 66. h6 Qa7+ 67. Kg8 Qa8+ 68. Bf8 Qg2+ 69. Bg7 Qd5+ 70. Kf8 c2 71. h7 Qd8+ 72. Kf7 c1=Q 0-1


[Site "https://www.chess.com"]

[Event "Titled Tuesday Blitz August 15 Late 2023"]
[White "D`Arruda, Ricardo D."]
[Black "Morefield, Jason"]
[WhiteFideId "100692"]
[BlackFideId "30920825"]
[WhiteElo "2549"]
[BlackElo "2733"]
[Result "0-1"]
[Round "10"]
[TimeControl "180+1"]
[Date "2023.08.15"]
[WhiteClock "0:00:03"]
[BlackClock "0:00:14"]
[Board "29"]

1. Nf3 d5 2. d4 Nf6 3. g3 c5 4. Bg2 cxd4 5. O-O h6 6. Nxd4 e5 7. Nb3 Nc6 8. c4 d4 9. e3 Bg4 10. f3 Be6 11. exd4 exd4 12. Re1 Be7 13. N1d2 O-O 14. a3 a5 15. Ne4 Bxc4 16. Nbd2 Bd5 17. Nxf6+ Bxf6 18. Ne4 a4 19. Nxf6+ Qxf6 20. Bf4 Rfe8 21. Rxe8+ Rxe8 22. Qxa4 g5 23. Bc7 Re2 24. Rf1 Rxb2 25. g4 Qe7 26. Bg3 d3 27. Qd1 Qe2 28. Bf2 Ne5 29. Qc1 Rc2 30. Qa1 Nxf3+ 31. Kh1 d2 32. Qf6 Rc1 33. Bg1 Rxf1 0-1


[Site "https://www.chess.com"]

[Event "Titled Tuesday Blitz August 15 Late 2023"]
[White "Gubajdullin, Alexei"]
[Black "Deng, Henry"]
[WhiteFideId "4141202"]
[BlackFideId "30965454"]
[WhiteElo "2690"]
[BlackElo "2545"]
[Result "1-0"]
[Round "10"]
[TimeControl "180+1"]
[Date "2023.08.15"]
[WhiteClock "0:00:20"]
[BlackClock "0:00:00"]
[Board "30"]

1. d4 d5 2. Nf3 Nf6 3. Bf4 c5 4. e3 Nc6 5. Nbd2 Bf5 6. c3 Qb6 7. dxc5 Qxb2 8. Nd4 Bd7 9. Nb5 e5 10. Bg5 Bxc5 11. Rb1 Qxa2 12. Nc7+ Ke7 13. Nxa8 Rxa8 14. Rxb7 Rb8 15. Bxf6+ gxf6 16. Rxb8 Nxb8 17. Bd3 e4 18. Be2 Nc6 19. O-O f5 20. Nb3 Bd6 21. c4 dxc4 22. Bxc4 Qb2 23. Qd5 Qf6 24. Bb5 Ne5 25. Bxd7 Nxd7 26. Nd4 Ne5 27. Rb1 Kf8 28. h3 Kg7 29. Rb7 Kg6 30. Rxa7 Bf8 31. Qb5 Bd6 32. Ra6 Kh5 33. Qd5 Nf3+ 34. gxf3 Qg5+ 35. Kf1 Bh2 36. Qxf5 exf3 37. Qxg5+ Kxg5 38. Nxf3+ 1-0


[Site "https://www.chess.com"]

[Event "Titled Tuesday Blitz August 15 Late 2023"]
[White "subham777"]
[Black "Valenzuela Gomez, Fernando"]
[BlackFideId "3409392"]
[WhiteElo "2545"]
[BlackElo "2636"]
[Result "0-1"]
[Round "10"]
[TimeControl "180+1"]
[Date "2023.08.15"]
[WhiteClock "0:00:00"]
[BlackClock "0:00:44"]
[Board "31"]

1. e4 d6 2. d4 Nf6 3. Nc3 e5 4. Nf3 Nbd7 5. h3 Be7 6. Be3 O-O 7. Qd2 c6 8. O-O-O b5 9. a3 a5 10. dxe5 dxe5 11. Bd3 b4 12. axb4 axb4 13. Nb1 Ra1 14. g4 Qa5 15. Qe2 Nc5 16. Bxc5 Bxc5 17. Nd2 Qa2 18. Bc4 Qa8 19. Nb3 Bd4 20. Nxa1 Qxa1 21. c3 bxc3 22. bxc3 Bxc3 23. Qa2 Nxe4 24. Bxf7+ Kh8 25. Qxa1 Bxa1 26. Rhe1 Nxf2 27. Rd6 Nxh3 28. Rxc6 Bxg4 29. Bd5 Nf4 30. Be4 Ne2+ 31. Kd2 Rd8+ 32. Bd3 e4 33. Rxe2 Bxe2 34. Kxe2 exd3+ 35. Kd2 h5 36. Rc5 g6 37. Ra5 Bg7 38. Na3 Bh6+ 39. Kd1 Rc8 0-1


[Site "https://www.chess.com"]

[Event "Titled Tuesday Blitz August 15 Late 2023"]
[White "Dragomirescu, Robin-Alexandru"]
[Black "Mendez Fortes, Eduardo Jesus"]
[WhiteFideId "1213849"]
[BlackFideId "3502376"]
[WhiteElo "2541"]
[BlackElo "2611"]
[Result "1-0"]
[Round "10"]
[TimeControl "180+1"]
[Date "2023.08.15"]
[WhiteClock "0:00:10"]
[BlackClock "0:00:00"]
[Board "32"]

1. b3 d5 2. Bb2 Nf6 3. Bxf6 exf6 4. e3 c6 5. Nf3 Bd6 6. c4 dxc4 7. Bxc4 O-O 8. Nc3 Nd7 9. d4 Nb6 10. Be2 f5 11. O-O Be6 12. Qc2 Rc8 13. Rfd1 h6 14. Ne5 Qf6 15. Nc4 Bc7 16. Nxb6 axb6 17. Bc4 Bd7 18. f4 Rfe8 19. Re1 b5 20. Bf1 Bb6 21. Qd3 Re7 22. Re2 Rce8 23. Rae1 Qd6 24. a4 b4 25. Nb1 Be6 26. Nd2 Bd5 27. Nc4 Qc7 28. Qxf5 Be4 29. Qh5 Bg6 30. Qg4 Bd3 31. Rd2 Bxc4 32. Bxc4 Rxe3 33. Rxe3 Rxe3 34. Qf5 Qe7 35. h3 g6 36. Qxg6+ Kf8 37. Qxh6+ Ke8 38. Kh2 Bc7 39. d5 Qd6 40. Qh8+ Ke7 41. Qh4+ Kf8 42. Qg5 Qxf4+ 43. Qxf4 Bxf4+ 44. g3 Rxg3 45. Rf2 Be5 46. dxc6 bxc6 47. Rxf7+ Ke8 48. a5 Rf3+ 49. Kg2 Rxf7 50. Bxf7+ Kxf7 51. a6 Bd4 52. Kf3 Ke6 53. Ke4 Bb6 54. h4 Kd6 55. h5 c5 56. h6 c4 57. h7 c3 58. h8=Q Kc6 59. Qf6+ Kb5 60. Qe5+ Kxa6 61. Qd5 Ba5 62. Qc4+ Kb6 63. Kd5 Kb7 64. Qb5+ Bb6 65. Qc6+ 1-0


[Site "https://www.chess.com"]

[Event "Titled Tuesday Blitz August 15 Late 2023"]
[White "Ibadov, Dashgyn"]
[Black "Grebeniuk, Semen"]
[WhiteFideId "24107514"]
[BlackFideId "14117509"]
[WhiteElo "2607"]
[BlackElo "2534"]
[Result "0-1"]
[Round "10"]
[TimeControl "180+1"]
[Date "2023.08.15"]
[WhiteClock "0:00:51"]
[BlackClock "0:00:11"]
[Board "33"]

1. e4 c5 2. Nf3 Nc6 3. Bb5 g6 4. O-O Bg7 5. c3 Nf6 6. Re1 O-O 7. d4 cxd4 8. cxd4 d5 9. e5 Ne4 10. Bxc6 bxc6 11. Be3 Rb8 12. Qc1 Bg4 13. h3 Bf5 14. Nc3 Qa5 15. Bh6 Nxc3 16. bxc3 Rfc8 17. Bxg7 Kxg7 18. Qg5 Qc7 19. Nh4 Be6 20. f4 f6 21. Qg3 f5 22. Qg5 c5 23. g4 Rf8 24. Rac1 Rb6 25. Kh1 Bc8 26. Rg1 h6 27. Nxf5+ Bxf5 28. Qh4 Be4+ 29. Kh2 Rb2+ 30. Kg3 g5 31. Qh5 Rxf4 32. Rgf1 Qa5 33. Qe8 Rxf1 34. e6 Rf3# 0-1


[Site "https://www.chess.com"]

[Event "Titled Tuesday Blitz August 15 Late 2023"]
[White "Peycheva, Gergana"]
[Black "Caspi, Israel"]
[WhiteFideId "2916711"]
[BlackFideId "2807394"]
[WhiteElo "2523"]
[BlackElo "2605"]
[Result "1-0"]
[Round "10"]
[TimeControl "180+1"]
[Date "2023.08.15"]
[WhiteClock "0:00:08"]
[BlackClock "0:01:10"]
[Board "34"]

1. d4 Nf6 2. c4 e6 3. Nc3 Bb4 4. Qc2 d5 5. cxd5 exd5 6. Nf3 c5 7. Bg5 Nc6 8. e3 h6 9. Bh4 g5 10. Bg3 Ne4 11. Bd3 Bf5 12. O-O Bxc3 13. bxc3 c4 14. Bxe4 Bxe4 15. Qb2 Qe7 16. Ne5 f6 17. Nxc6 bxc6 18. f3 Bd3 19. Rfe1 h5 20. h3 h4 21. Bh2 O-O 22. e4 Rfe8 23. e5 f5 24. e6 f4 25. Re5 Rab8 26. Qd2 Qf6 27. Rae1 Re7 28. Kh1 Kg7 29. Rxg5+ Qxg5 30. Bxf4 Qf5 31. Bxb8 Rxe6 32. Rxe6 Qxe6 33. Qg5+ Bg6 34. Qxh4 c5 35. Be5+ Kf7 36. Qh8 cxd4 37. Qg7+ Ke8 38. Bxd4 a6 39. Kh2 Bb1 40. h4 Bxa2 41. h5 Bb1 42. h6 Qf5 43. Bc5 Qf7 44. Qe5+ Kd7 45. Qd6+ Ke8 46. Qb8+ Kd7 47. Qxb1 Qh5+ 48. Kg1 Qxh6 49. Qb7+ Kd8 50. Qe7+ Kc8 51. Qe8+ Kb7 52. Qd7+ Kb8 53. Bd6+ Ka8 54. Qc8+ Ka7 55. Qc7+ Ka8 56. Qb8# 1-0


[Site "https://www.chess.com"]

[Event "Titled Tuesday Blitz August 15 Late 2023"]
[White "NigelDwarf"]
[Black "Altman, Joshua"]
[BlackFideId "426210"]
[WhiteElo "2512"]
[BlackElo "2603"]
[Result "0-1"]
[Round "10"]
[TimeControl "180+1"]
[Date "2023.08.15"]
[WhiteClock "0:00:01"]
[BlackClock "0:00:13"]
[Board "35"]

1. Nf3 Nf6 2. c4 e6 3. Nc3 Bb4 4. g4 h6 5. Rg1 d5 6. e3 O-O 7. h4 Ne4 8. g5 h5 9. a3 Bxc3 10. dxc3 dxc4 11. Qc2 Qd5 12. Bd2 Nc5 13. Nd4 e5 14. Bg2 Qd6 15. Nb5 Nd3+ 16. Kf1 Qb6 17. a4 c6 18. Nd6 Be6 19. Rb1 Qc7 20. Ne4 Nd7 21. Bf3 g6 22. b3 b5 23. axb5 cxb5 24. Nf6+ Nxf6 25. gxf6 Rad8 26. b4 Kh8 27. Rg5 e4 28. Bxh5 Qh2 29. Rg2 Bh3 0-1


[Site "https://www.chess.com"]

[Event "Titled Tuesday Blitz August 15 Late 2023"]
[White "Isajevsky, Anton"]
[Black "brm72"]
[WhiteFideId "4142500"]
[WhiteElo "2599"]
[BlackElo "2499"]
[Result "1-0"]
[Round "10"]
[TimeControl "180+1"]
[Date "2023.08.15"]
[WhiteClock "0:00:03"]
[BlackClock "0:00:03"]
[Board "36"]

1. c4 c5 2. Nf3 Nc6 3. Nc3 g6 4. e3 Nf6 5. d4 cxd4 6. exd4 d5 7. Bg5 Be6 8. Bxf6 exf6 9. h3 Bg7 10. c5 O-O 11. Bb5 f5 12. O-O g5 13. Bxc6 bxc6 14. Re1 Rb8 15. Qd2 f4 16. Ne5 Rc8 17. b4 a6 18. a4 h5 19. b5 axb5 20. axb5 cxb5 21. Nxb5 Qf6 22. Nd6 Ra8 23. Rxa8 Rxa8 24. c6 g4 25. Nd7 Qxd4 26. Qe2 gxh3 27. Qxh5 Ra2 28. Qh4 Ra1 29. Qd8+ Kh7 30. Qh4+ Kg8 31. Qd8+ Kh7 32. Qh4+ Kg6 33. Rxa1 Qxa1+ 34. Kh2 hxg2 35. Kxg2 Qd4 36. Kh2 Qc3 37. Ne8 Qxc6 38. Nxg7 Kxg7 39. Qg5+ Kh8 40. Qh6+ Kg8 41. Nf6# 1-0


[Site "https://www.chess.com"]

[Event "Titled Tuesday Blitz August 15 Late 2023"]
[White "Poltorak, Sebastian"]
[Black "Bazilius, Augustinas"]
[WhiteFideId "1199498"]
[BlackFideId "12832251"]
[WhiteElo "2562"]
[BlackElo "2494"]
[Result "0-1"]
[Round "10"]
[TimeControl "180+1"]
[Date "2023.08.15"]
[WhiteClock "0:00:23"]
[BlackClock "0:00:58"]
[Board "37"]

1. e4 a6 2. d4 d5 3. exd5 Qxd5 4. Nc3 Qd8 5. Nf3 Nf6 6. g3 c5 7. Bg2 cxd4 8. Nxd4 e5 9. Nf3 Qxd1+ 10. Nxd1 Nc6 11. O-O Bd6 12. Ne3 Be6 13. Ng5 Bc8 14. Nc4 Bc7 15. Re1 h6 16. Bxc6+ bxc6 17. Nxe5 hxg5 18. Ng6+ Be6 19. Nxh8 Ke7 20. Nxf7 Kxf7 21. Bxg5 Rb8 22. b3 Ba5 23. Bf4 Rh8 24. Re3 Ng4 25. Rd3 Bf5 26. Rd6 Rxh2 27. Be3 Be4 28. f3 Bxf3 29. Kf1 Nxe3+ 0-1


[Site "https://www.chess.com"]